 Dungeon Crawl Stone Soup version 0.29-a0-275-g389c0b5 (webtiles) character file.

Game seed: 16217690432453838847

109 Dorkslayer the Poker (level 4, -2/37 HPs)
             Began as a Merfolk Fighter on Mar 10, 2022.
             Slain by a gnoll
             ... wielding a +0 flail
              (6 damage)
             ... on level 2 of the Dungeon.
             The game lasted 00:04:44 (1395 turns).

Dorkslayer the Poker (Merfolk Fighter)              Turns: 1395, Time: 00:04:44

Health: -2/37      AC:  6    Str: 16    XL:     4   Next: 89%
Magic:  4/4        EV:  9    Int:  7    God:
Gold:   109        SH:  5    Dex: 15    Spells: 3/3 levels left

rFire   . . .      SeeInvis .   a - +0 trident
rCold   . . .      Faith    .   c - +0 buckler
rNeg    . . .      Spirit   .   b - +0 scale mail
rPois   .          Reflect  .   (no helmet)
rElec   .          Harm     .   h - scarf {repulsion}
rCorr   .          Rampage  .   (no gloves)
Will    .....                   (no boots)
Stlth   ..........              (no amulet)
HPRegen 0.12/turn               (no ring)
MPRegen 0.09/turn               (no ring)

@: repel missiles
A: (nimble swimmer 2), mertail
a: no special abilities


You were on level 2 of the Dungeon.
You visited 1 branch of the dungeon, and saw 2 of its levels.

You collected 109 gold pieces.

Inventory:

Hand Weapons
 a - a +0 trident (weapon)
Armour
 b - a +0 scale mail (worn)
 c - a +0 buckler (worn)
 h - a scarf of repulsion (worn)
Wands
 d - a wand of charming (12)
Scrolls
 e - 4 scrolls of identify {unknown}
 f - a scroll of teleportation
 i - a scroll of blinking {unknown}
Potions
 g - a potion of attraction {unknown}


   Skills:
 + Level 3.8 Fighting
 + Level 4.9 Polearms
 + Level 2.5 Armour
 + Level 0.5 Dodging
 + Level 3.3 Shields
 * Level 0.4 Evocations


You had 3 spell levels left.
You didn't know any spells.
Your spell library contained the following spells:

 Spells                   Type           Power      Damage    Failure   Level
 Sublimation of Blood     Necr           0%         N/A       97%         2
 Petrify                  Tmut/Erth      0%         N/A       100%        4
 Irradiate                Conj/Tmut      0%         3d14      100%        5
 Iskenderun's Battlesphe  Conj           0%         2d6       100%        5
 Iron Shot                Conj/Erth      0%         9d1       100%        6
 Spellforged Servitor     Conj/Summ      0%         N/A       100%        7


Dungeon Overview and Level Annotations

Branches:
Dungeon (2/15)

Altars:


Innate Abilities, Weirdness & Mutations

((You are very nimble when in or above water. (Stealth+, EV+, Speed+++)))
Your lower body shifts to a powerful aquatic tail in water.


Message History

The gnoll barely misses you.
The gnoll hits your gnoll with a +0 halberd!
Reach: a) +0 trident
Press: ? - help, Dir - move target, f - gnoll, p - gnoll
Aim: a gnoll, wielding a +0 halberd (moderately wounded, about 36% to evade your +0 trident)
You reach to attack!
You hit the gnoll.
The gnoll is moderately wounded.
The gnoll hits you from afar with a +0 halberd.
Your gnoll unwields a +0 hunting sling.
Your gnoll wields a +0 flail.
Your gnoll misses the gnoll.
Reach: a) +0 trident
Press: ? - help, Dir - move target, f/p - gnoll
Aim: a gnoll, wielding a +0 halberd (moderately wounded, ally target, about 36% to evade your +0 trident)
You reach to attack!
You hit the gnoll.
The gnoll is heavily wounded.
You block the gnoll's attack.
Your gnoll hits the gnoll with a +0 flail!
The gnoll dies!
i - a scroll labelled TUCOCZERGHY You now have 109 gold pieces (gained 13).
You see here a +0 halberd.
Found a faded altar of an unknown god.
Things that are here:
a +0 club; a gnoll corpse The gnoll is no longer charmed.
The gnoll hits you with a +0 flail!
* * * LOW HITPOINT WARNING * * *
You barely miss the gnoll.
The gnoll is lightly wounded.
The gnoll hits you with a +0 flail!
* * * LOW HITPOINT WARNING * * *
You closely miss the gnoll.
The gnoll is lightly wounded.
The gnoll closely misses you.
You barely miss the gnoll.
The gnoll is lightly wounded.
The gnoll barely misses you.
You puncture the gnoll!
The gnoll is almost dead.
The gnoll hits you with a +0 flail.
You die...

# ##. ######...#
#.## #
.....8.8...###...#
..
...........#...##
##.. .8...8.8...##
... ...._....###
.. ...8.8...# .
.........#
###8.8..g#
####..@# #####


You could see a gnoll.

Vanquished Creatures
  A jelly (D:2)
  2 gnolls (D:2)
  A worm (D:2)
  3 ball pythons
  8 bats
  7 endoplasms
  2 giant cockroaches (D:1)
  2 goblins
  2 hobgoblins (D:2)
  3 jackals (D:1)
  5 kobolds (D:1)
  2 quokkas
  A frilled lizard (D:2)
  5 rats
44 creatures vanquished.

Vanquished Creatures (collateral kills)
  A gnoll (D:2)
1 creature vanquished.

Grand Total: 45 creatures vanquished

Notes
Turn   | Place    | Note
-------+----------+-------------------------------------------
     0 | D:1      | Dorkslayer the Merfolk Fighter began the quest for the Orb.
     0 | D:1      | Reached XP level 1. HP: 18/18 MP: 1/1
   113 | D:1      | Reached XP level 2. HP: 21/24 MP: 2/2
   254 | D:1      | Reached skill level 3 in Polearms
   416 | D:1      | Reached XP level 3. HP: 27/29 MP: 3/3
   772 | D:2      | Reached skill level 4 in Polearms
   772 | D:2      | Reached XP level 4. HP: 8/37 MP: 4/4
   808 | D:2      | HP: 1/37 [gnoll/sling bullet (3)]
  1369 | D:2      | Found a faded altar of an unknown god.
  1395 | D:2      | Slain by a gnoll

Illustrated notes

Levels and vault maps discovered:
D:1:      onia_arrival_pyramid, layout_loops_ring, feat_on_display
D:2:      layout_rooms, ebering_ecumenical_altar_ruins

Skill      XL: |  1  2  3 |
---------------+----------+-----
Polearms       | 3 4 |  4.9
Fighting       | |  3.8
Armour         | |  2.5
Dodging        | |  0.5
Shields        | |  3.3
Evocations     | |  0.4

Action                   |  1- 3 |  4- 6 || total
-------------------------+-------+-------++-------
Melee: Trident           |    90 |    46 ||   136
Evoke: Wand              |       |     1 ||     1
  Use: Potion            |       |     2 ||     2
       Scroll            |       |     1 ||     1
Armor: Scale mail        |    57 |    11 ||    68
Dodge: Dodged            |    36 |    14 ||    50
Block: Buckler           |    25 |     9 ||    34

Table legend: (Time is in decaauts)
 A = Elapsed time spent in this place.
 B = Non-inter-level travel time spent in this place.
 C = Inter-level travel time spent in this place.
 D = Time resting spent in this place.
 E = Time spent auto-exploring this place.
 F = Levels seen in this place.
 G = Mean time per level.
                   A        B        C        D        E       F      G
               +--------+--------+--------+--------+--------+-----+--------+
         Total |   1416 |   1416 |      0 |      0 |    790 |   2 |  708.0 |
       Dungeon |   1416 |   1416 |      0 |      0 |    790 |   2 |  708.0 |
               +--------+--------+--------+--------+--------+-----+--------+

Top non-repeatable levels by time:
     D:1: 758 daAuts
     D:2: 657 daAuts
